Map: Lost and Found LE

Players

BigHoss - Winner!

  • Race: Terran Terran
  • League: Diamond
  • Spawn Location: 1:00

CrimsomRain

  • Race: Zerg Zerg
  • League: Platinum
  • Spawn Location: 7:00

VOD

Have the link to the VOD?

Description

I lost :p

Time

  • Played on: June 28, 2018, 9:34 p.m.
  • Length: 18:59
Show
View Real Time Build Order
Export as new Build Order

BigHoss Terran - Winner!

Build Orders: Cyclone Opening, Mech 

Get SALT Encoding   

  12  0:02  SCV  
  13  0:14  SCV  
  13  0:19  Supply Depot  
  14  0:26  SCV  
  15  0:29  Refinery  
  15  0:43  Barracks  
  15  0:45  SCV  
  16  0:57  SCV  
  17  1:09  SCV  
  18  1:30  Orbital Command  
  18  1:40  Command Center  
  18  1:42  Barracks Reactor  
  18  1:56  Factory  
  18  2:07  Supply Depot  
  18  2:18  Marine x2  
  18  2:22  SCV  
  21  2:34  SCV  
  21  2:36  Marine x2  
  24  2:40  Cyclone  
  27  2:46  SCV  
  28  2:53  Marine x2  
  28  2:55  Orbital Command  
  28  2:58  SCV  
  31  3:10  SCV  
  31  3:11  Marine x2  
  31  3:12  Cyclone  
  37  3:22  SCV  
  37  3:26  SCV  
  39  3:29  Supply Depot, Marine x2  
  41  3:34  SCV  
  42  3:44  Cyclone  
  42  3:46  SCV  
  46  3:50  SCV, Marine x2  
  49  3:58  SCV  
  49  4:01  Supply Depot  
  50  4:03  SCV  
  50  4:08  Command Center  
  51  4:10  SCV  
  51  4:15  SCV  
  53  4:18  Marine  
  53  4:20  Factory Tech Lab  
  53  4:22  Marine  
  47  4:51  Siege Tank  
  47  4:52  Marine  
  46  4:58  Marine  
  43  5:08  Supply Depot  
  43  5:10  Supply Depot, Marine  
  44  5:16  Marine  
  45  5:27  Marine  
  45  5:31  SCV x2  
  45  5:34  Marine  
  47  5:43  SCV x2  
  47  5:45  Orbital Command, Marine  
  50  5:51  Refinery, Marine  
  50  5:54  Refinery  
  50  5:55  SCV x2  
  50  5:56  Refinery  
  53  6:03  Marine  
  53  6:07  SCV x2  
  51  6:19  SCV x2  
  51  6:21  Siege Tank  
  56  6:31  SCV x2  
  56  6:32  Orbital Command  
  58  6:36  Supply Depot  
  58  6:39  Factory  
  58  6:43  SCV x2  
  60  6:48  Factory  
  62  6:55  Siege Tank, SCV x2  
  65  7:01  SCV  
  65  7:08  SCV x2  
  68  7:13  SCV  
  69  7:20  SCV x2  
  69  7:21  Refinery  
  71  7:25  Refinery  
  71  7:26  SCV  
  71  7:27  Factory Reactor  
  72  7:32  SCV x2  
  72  7:36  Starport  
  74  7:38  SCV, Factory  
  74  7:40  Factory Reactor, Factory  
  74  7:43  Factory Reactor  
  76  7:44  SCV x2  
  76  7:48  Hellion  
  76  7:50  SCV  
  80  7:56  SCV x2  
  82  8:01  Engineering Bay  
  82  8:02  SCV  
  82  8:03  Infernal Pre-Igniter  
  83  8:07  Armory  
  83  8:09  Hellion  
  85  8:13  Supply Depot  
  85  8:15  Supply Depot  
  85  8:16  Factory  
  85  8:17  Supply Depot  
  85  8:20  Starport Tech Lab  
  85  8:30  Missile Turret  
  85  8:33  Missile Turret  
  85  8:34  SCV, Hellion  
  85  8:35  Supply Depot  
  85  8:38  Supply Depot  
  85  8:40  Supply Depot  
  88  8:45  Sensor Tower  
  88  8:46  SCV x3  
  91  8:49  Cyclone x4  
  91  8:50  Cyclone x2  
  91  8:54  Supply Depot  
  109  8:57  Supply Depot, Hellion  
  109  8:58  Supply Depot, SCV x3  
  109  8:59  Supply Depot  
  114  9:06  Cyclone  
  117  9:13  Corvid Reactor  
  117  9:17  Missile Turret  
  117  9:19  Missile Turret, Supply Depot, Hellion  
  117  9:20  Raven  
  117  9:21  Cyclone, Hellion x2  
  117  9:22  Supply Depot, Hellion  
  117  9:23  Command Center  
  130  9:33  Terran Vehicle Weapons Level 1  
  130  9:36  Armory  
  130  9:38  Factory Reactor  
  130  9:39  Factory Tech Lab x2  
  130  9:48  Supply Depot  
  130  9:59  Command Center  
  130  10:01  Hellion x3  
  130  10:03  Raven  
  138  10:25  Cyclone x3  
  138  10:26  Cyclone x2  
  153  10:28  Rapid Fire Launchers  
  153  10:29  Drilling Claws  
  153  10:30  Supply Depot  
  153  10:32  Supply Depot  
  153  10:34  Supply Depot  
  153  10:35  Refinery  
  153  10:36  Terran Vehicle And Ship Armor Level 1  
  153  11:14  Refinery  
  140  11:46  Cyclone x5  
  121  11:47  Terran Vehicle Weapons Level 2  
  110  12:01  Widow Mine  
  110  12:02  Widow Mine x3  
  118  12:09  Planetary Fortress  
  118  12:11  Planetary Fortress  
  118  12:16  Raven  
  118  12:18  Widow Mine x3  
  126  12:31  Refinery  
  126  12:34  Missile Turret  
  126  12:35  Refinery  
  126  12:46  Cyclone x6  
  126  12:47  Cyclone  
  126  12:48  Hellion x2  
  151  12:58  Raven  
  151  13:00  Starport, Terran Vehicle And Ship Armor Level 2  
  153  13:06  SCV  
  153  13:09  Hellion  
  153  13:10  Hellion  
  158  13:18  SCV, Hellion x3  
  158  13:19  Hellion  
  167  13:23  Cyclone x3  
  176  13:30  Cyclone, SCV  
  176  13:31  Cyclone  
  179  13:56  Siege Tank  
  179  13:58  Hellion x5  
  179  13:59  Hellion  
  194  14:03  Siege Tank x2  
  200  14:28  Terran Vehicle Weapons Level 3  
  200  14:33  Starport Reactor  
  200  14:39  Starport  
  200  14:42  Starport  
  194  15:01  SCV  
  194  15:04  Hi-Sec Auto Tracking  
  195  15:13  SCV  
  196  15:16  Terran Ship Weapons Level 1  
  196  15:25  SCV  
  195  15:49  Starport Tech Lab x2  
  195  15:59  Raven  
  195  16:01  Structure Armor  
  115  17:24  Raven x3  
  121  17:34  Command Center  
  121  17:45  SCV  
  122  17:57  Refinery, SCV  
  123  17:59  Cyclone x4  
  123  18:00  Cyclone x5  
  150  18:07  Raven x2  
  150  18:09  SCV  
Show
View Real Time Build Order
Export as new Build Order

CrimsomRain Zerg 

Build Orders: Hatch First, Zergling Baneling 

Get SALT Encoding   

  12  0:04  Drone  
  13  0:13  Overlord  
  13  0:18  Drone  
  14  0:32  Drone  
  14  0:33  Drone  
  16  0:38  Drone  
  17  0:48  Drone  
  18  0:57  Hatchery  
  18  0:58  Drone  
  18  1:03  Extractor  
  17  1:09  Drone  
  18  1:18  Spawning Pool  
  18  1:21  Drone  
  18  1:31  Drone  
  19  1:42  Overlord  
  19  1:52  Drone  
  20  2:05  Queen  
  22  2:09  Queen  
  22  2:10  Zergling x4  
  22  2:13  Metabolic Boost  
  26  2:17  Drone  
  26  2:21  Drone  
  28  2:27  Drone  
  29  2:36  Drone x2  
  31  2:48  Hatchery  
  30  2:57  Overlord  
  30  2:58  Baneling Nest, Zergling x2  
  30  2:59  Zergling x2  
  31  3:15  Zergling x8  
  35  3:25  Zergling x10  
  35  3:26  Zergling x2  
  41  3:28  Zergling x2  
  42  3:49  Zergling x4  
  42  3:54  Overlord  
  44  3:59  Baneling x7  
  44  4:00  Baneling x2  
  44  4:02  Zergling x8  
  40  4:34  Zergling x12  
  37  4:48  Zergling x4  
  35  5:02  Zergling x4  
  32  5:10  Spine Crawler  
  32  5:11  Spine Crawler  
  29  5:27  Zergling x2  
  29  5:28  Zergling x8  
  34  5:33  Queen  
  34  5:35  Drone x4  
  35  5:55  Baneling  
  35  5:56  Baneling x4  
  35  6:00  Zergling x6  
  35  6:01  Zergling x4  
  36  6:08  Drone x2  
  36  6:09  Drone x2, Queen  
  42  6:23  Queen  
  42  6:25  Hatchery  
  43  6:31  Drone x3  
  43  6:32  Drone  
  47  6:44  Overlord  
  47  6:46  Drone  
  48  6:56  Drone x4  
  52  7:12  Queen  
  54  7:17  Drone x2  
  54  7:18  Drone x2, Evolution Chamber x2  
  56  7:25  Baneling x3  
  56  7:26  Overlord x2  
  56  7:30  Extractor  
  56  7:31  Drone  
  56  7:32  Extractor, Drone x3  
  58  7:43  Drone  
  58  7:44  Drone x3  
  62  7:46  Drone  
  62  7:47  Overlord, Drone  
  64  8:04  Zerg Melee Weapons Level 1  
  64  8:05  Zerg Ground Armor Level 1  
  64  8:06  Lair  
  64  8:11  Zergling x8  
  64  8:12  Zergling x6, Roach Warren  
  71  8:13  Drone x3  
  73  8:24  Drone x3  
  76  8:37  Baneling x2  
  76  8:38  Baneling  
  76  8:41  Extractor  
  76  8:43  Spore Crawler  
  76  8:47  Spore Crawler  
  73  8:49  Extractor x2  
  73  8:50  Drone  
  73  8:51  Drone x4  
  73  8:53  Overlord x2  
  76  9:00  Hatchery  
  75  9:05  Drone x3  
  75  9:08  Drone x3  
  81  9:27  Hatchery  
  80  9:35  Roach x4  
  80  9:36  Roach x5  
  98  9:39  Glial Reconstitution  
  98  9:42  Overlord x3  
  98  10:00  Zerg Melee Weapons Level 2  
  98  10:01  Zerg Missile Weapons Level 1  
  98  10:07  Hydralisk Den  
  98  10:11  Infestation Pit  
  96  10:17  Overlord x2  
  96  10:18  Zergling x14  
  96  10:19  Zergling x4  
  105  10:49  Hive  
  105  10:50  Lurker Den  
  105  10:52  Hydralisk x6  
  105  10:54  Zergling x4  
  105  10:55  Zergling x10  
  123  11:01  Drone x5  
  123  11:02  Drone x2  
  130  11:16  Baneling x3  
  130  11:17  Baneling, Zergling x8  
  130  11:18  Zergling x8  
  132  11:26  Zergling x8  
  116  11:46  Zergling x16  
  116  11:47  Zergling x4  
  76  11:54  Zerg Ground Armor Level 2  
  76  11:57  Baneling x2  
  75  12:01  Hydralisk x3  
  75  12:02  Hydralisk x4  
  88  12:10  Baneling x4  
  88  12:11  Baneling x3  
  88  12:19  Hydralisk  
  88  12:20  Hydralisk x6  
  102  12:32  Zergling x10  
  102  12:35  Zerg Melee Weapons Level 3  
  107  12:40  Hatchery  
  107  12:42  Lurker  
  107  12:43  Lurker  
  109  12:44  Zergling x12  
  109  12:45  Zergling x2  
  115  12:55  Queen  
  117  13:01  Overlord x3  
  117  13:02  Zergling x4  
  117  13:03  Zergling x2  
  120  13:10  Hatchery  
  119  13:13  Ultralisk Cavern  
  118  13:23  Hydralisk x5  
  118  13:24  Hydralisk x2  
  132  13:34  Drone x5  
  132  13:35  Drone x5  
  131  13:54  Overseer  
  130  13:56  Overseer  
  118  14:29  Drone x4  
  118  14:30  Drone x3  
  125  14:49  Hydralisk x4  
  127  14:56  Queen  
  127  14:58  Chitinous Plating  
  129  15:00  Ultralisk x3  
  129  15:04  Queen  
  149  15:08  Extractor  
  149  15:10  Extractor  
  149  15:12  Zergling x2  
  149  15:13  Zergling x8  
  150  15:26  Ultralisk x2  
  164  15:29  Overlord x5  
  144  15:45  Zergling x8  
  144  15:46  Zergling x12  
  153  16:02  Ultralisk x3  
  139  16:51  Zergling x2  
  139  16:52  Zergling x16  
  139  16:53  Zergling x12  
  94  17:08  Zergling x4  
  94  17:09  Zergling x6  
  87  17:24  Zergling x6  
  87  17:39  Ultralisk  
  87  17:40  Ultralisk x2  
  105  17:56  Baneling x8  
  105  17:57  Baneling x5  
  105  17:58  Baneling  
  105  18:02  Hatchery  
  104  18:14  Zergling x8  
  104  18:15  Zergling x4  
Tags
 
Add a new tag
Caveats
  • Supply blocks, unpowered buildings, or Contaminate may cause inaccurate times.
  • Supply counts are checked every 10 seconds.